 Dungeon Crawl Stone Soup version 0.22-a0-259-gdd11e71 (webtiles) character file.

139 tidbits the Insei (level 5, -1/40 HPs)
             Began as a Gnoll Transmuter on Feb 26, 2018.
             Slain by a gnoll
             ... wielding a +0 spear
              (8 damage)
             ... on level 4 of the Dungeon on Mar 5, 2018.
             The game lasted 00:06:15 (595 turns).

tidbits the Insei (Gnoll Transmuter)                 Turns: 595, Time: 00:06:16

Health: -1/40      AC:  2    Str: 12    XL:     5   Next: 22%
Magic:  2/12       EV: 24    Int: 16    God:
Gold:   69         SH:  0    Dex: 21    Spells: 8/14 levels left

rFire    . . .     SeeInvis .     - Unarmed
rCold    . . .     Gourm    .   (shield currently unavailable)
rNeg     . . .     Faith    .   (armour currently unavailable)
rPois    .         Spirit   .   (helmet currently unavailable)
rElec    .         Reflect  .   (cloak currently unavailable)
rCorr    .         Harm     .   (gloves currently unavailable)
MR       .....                  (boots currently unavailable)
Stlth    ++........             (no amulet)
HPRegen  0.13/turn              P - ring of poison resistance
MPRegen  0.13/turn              (no ring)

@: spider-form
A: tiny, distributed training, strong nose
a: End Transformation


You were on level 4 of the Dungeon.
You were not hungry.
You were a venomous arachnid creature.
You visited 1 branch of the dungeon, and saw 4 of its levels.

You collected 69 gold pieces.

Inventory:

Hand Weapons
 h - a +0 dagger
 j - a +0 whip
 n - a +2 morningstar of distortion
   (You took it off an orc on level 4 of the Dungeon)
 o - a +0 war axe
Missiles
 a - 7 arrows
 d - 69 sling bullets
 e - 47 bolts
Armour
 b - a +0 robe (melded)
 i - a +0 ring mail
Jewellery
 P - a ring of poison resistance (left front leg)
   (You found it on level 2 of the Dungeon)
Scrolls
 f - 3 scrolls of remove curse {unknown}
 k - a scroll of amnesia {unknown}
 m - a scroll of fog {unknown}
Potions
 g - a potion of mutation {unknown}
 l - a potion of curing {unknown}
Comestibles
 c - 5 rations


   Skills:
 + Level 2.9 Fighting
 + Level 1.4 Short Blades
 + Level 1.4 Long Blades
 + Level 1.4 Axes
 + Level 1.4 Maces & Flails
 + Level 1.4 Polearms
 + Level 1.4 Staves
 + Level 1.4 Slings
 + Level 1.4 Bows
 + Level 1.4 Crossbows
 + Level 1.4 Throwing
 + Level 1.4 Armour
 + Level 4.7 Dodging
 + Level 1.4 Stealth
 + Level 1.4 Shields
 + Level 6.6 Unarmed Combat
 + Level 5.1 Spellcasting
 + Level 1.1 Conjurations
 + Level 1.1 Hexes
 + Level 1.1 Charms
 + Level 1.1 Summonings
 + Level 1.1 Necromancy
 + Level 1.1 Translocations
 + Level 3.9 Transmutations
 + Level 1.1 Fire Magic
 + Level 1.1 Ice Magic
 + Level 1.1 Air Magic
 + Level 1.1 Earth Magic
 + Level 1.1 Poison Magic
 + Level 1.5 Invocations
 + Level 1.4 Evocations


You had 8 spell levels left.
You knew the following spells:

 Your Spells              Type           Power        Failure   Level  Hunger
e - Beastly Appendage     Tmut           ###...       11%         1    None
k - Sticks to Snakes      Tmut           ###.....     13%         2    #......
p - Spider Form           Tmut/Pois      ##........   34%         3    ###....


Dungeon Overview and Level Annotations

Branches:
Dungeon (4/15)
 Temple: D:4-7

Altars:


Innate Abilities, Weirdness & Mutations

Your experience applies equally to all skills.
((You have very sharp teeth.))
Your uncanny sense of smell can sniff out nearby items.


Message History

Your +0 robe unmelds from your body.
Found a ration.
You see here a ration.
c - 5 rations (gained 1) HP restored.
An orc comes into view. It is wielding a mace.
The orc shouts!
You hear a shout! x3
An orc wizard comes into view. It is wielding a dagger.
Casting: Spider Form (safe; 19% risk of failure)
Confirm with . or Enter, or press ? or * to list all spells.
You turn into a venomous arachnid creature.
Your +0 robe melds into your body.
The orc wizard shouts!
An orc comes into view.
It is wielding a morningstar of distortion.
An orc priest comes into view. It is wielding a war axe.
You bite the orc!
You kill the orc!
The orc wizard gestures at you while chanting.
The magic dart hits you!
Things that are here:
a mace; an orc corpse You bite the orc wizard!
The orc wizard looks as sick as possible!
The orc wizard is severely wounded.
You kill the orc wizard!
Your Conjurations skill increases to level 1!
Your Hexes skill increases to level 1!
Your Charms skill increases to level 1!
Your Summonings skill increases to level 1!
Your Necromancy skill increases to level 1!
Your Translocations skill increases to level 1!
Your Fire Magic skill increases to level 1!
Your Ice Magic skill increases to level 1!
Your Air Magic skill increases to level 1!
Your Earth Magic skill increases to level 1!
Your Poison Magic skill increases to level 1!
You hit the orc but do no damage. The orc misses you.
You bite the orc!
You kill the orc!
An orc comes into view. It is wielding a dagger.
The orc shouts!
You bite the orc priest!
The orc priest is poisoned.
The orc priest is almost dead.
The orc priest calls down the wrath of Beogh upon you.
Beogh smites you!
You bite the orc priest!
You kill the orc priest!
You have reached level 5!
Items here: ))) [ † a war axe; a morningstar of distortion; a dagger; a robe; an orc corpse
Okay, then.
n - a morningstar of distortion;
o - a war axe Your transformation is almost over.
You bite the orc!
You kill the orc!
You see here a dagger.
Your transformation has ended.
Your +0 robe unmelds from your body.
Welcome back, tidbits the Gnoll Transmuter.
Press ? for a list of commands and other information.
A gnoll comes into view. It is wielding a club.
Cast which spell? (? or * to list)
You turn into a venomous arachnid creature.
Your +0 robe melds into your body. 2 gnolls come into view.
The gnoll shouts!
Casting: Spider Form (safe; 34% risk of failure)
Confirm with . or Enter, or press ? or * to list all spells.
You create a snake!
You now have 8 arrows.
The gnoll shouts!
You hear a shout!
Unknown command.
A gnoll shaman comes into view. It is wielding a club.
The gnoll shaman moves out of view.
A gnoll comes into view. It is wielding a whip.
Casting: Sticks to Snakes (safe; 13% risk of failure)
Confirm with . or Enter, or press ? or * to list all spells.
You create a snake!
You now have 7 arrows.
Unknown command.
You hit the gnoll.
The gnoll is poisoned.
The gnoll is lightly wounded.
The gnoll hits you from afar with a spear.
The gnoll misses you.
Your ball python misses the gnoll.
Your ball python grabs the gnoll.
Your ball python constricts the gnoll.
You bite the gnoll!
You kill the gnoll!
The gnoll closely misses you.
The gnoll hits you from afar with a spear!
* * * LOW HITPOINT WARNING * * *
The gnoll hits you with a spear!
* * * LOW HITPOINT WARNING * * *
The gnoll hits your ball python with a spear!
Your ball python dies!
Things that are here:
a club; a gnoll corpse Unknown command.
You bite the gnoll!
The gnoll is poisoned.
The gnoll is almost dead.
The gnoll hits you with a spear.
* * * LOW HITPOINT WARNING * * *
The gnoll hits you with a spear!
You die...

#.# #.# #.#
#.################
#...........)[)...
#..###############
#..# #..# ∆ #sS#
#gg# #g.# #..#
#g.# #..# #..#
#o.#


You could see a gnoll shaman, 3 gnolls, an orc and a friendly ball python.

Vanquished Creatures
  An orc wizard (D:4)
  An orc priest (D:4)
  2 gnolls
  2 dart slugs
  7 orcs
  A ball python (D:2)
  3 hobgoblins (D:2)
  2 quokkas (D:2)
  3 bats
  2 kobolds (D:1)
  3 rats (D:1)
27 creatures vanquished.

Vanquished Creatures (collateral kills)
  A hound (D:4)
  A worm (D:2)
2 creatures vanquished.

Grand Total: 29 creatures vanquished

Notes
Turn   | Place    | Note
-------+----------+-------------------------------------------
     0 | D:1      | tidbits the Gnoll Transmuter began the quest for the Orb.
     0 | D:1      | Reached XP level 1. HP: 17/17 MP: 6/6
    39 | D:1      | Reached XP level 2. HP: 23/23 MP: 5/7
    43 | D:1      | Learned a level 2 spell: Sticks to Snakes
   311 | D:2      | Reached XP level 3. HP: 23/28 MP: 6/9
   316 | D:2      | Learned a level 3 spell: Spider Form
   323 | D:3      | Reached skill level 5 in Spellcasting
   500 | D:4      | Reached skill level 1 in Short Blades
   500 | D:4      | Reached skill level 1 in Long Blades
   500 | D:4      | Reached skill level 1 in Axes
   500 | D:4      | Reached skill level 1 in Maces & Flails
   500 | D:4      | Reached skill level 1 in Polearms
   500 | D:4      | Reached skill level 1 in Staves
   500 | D:4      | Reached skill level 1 in Slings
   500 | D:4      | Reached skill level 1 in Bows
   500 | D:4      | Reached skill level 1 in Crossbows
   500 | D:4      | Reached skill level 1 in Throwing
   500 | D:4      | Reached skill level 1 in Armour
   500 | D:4      | Reached skill level 1 in Stealth
   500 | D:4      | Reached skill level 1 in Shields
   500 | D:4      | Reached skill level 1 in Invocations
   500 | D:4      | Reached skill level 1 in Evocations
   500 | D:4      | Reached XP level 4. HP: 28/34 MP: 4/11
   565 | D:4      | Reached skill level 1 in Conjurations
   565 | D:4      | Reached skill level 1 in Hexes
   565 | D:4      | Reached skill level 1 in Charms
   565 | D:4      | Reached skill level 1 in Summonings
   565 | D:4      | Reached skill level 1 in Necromancy
   565 | D:4      | Reached skill level 1 in Translocations
   565 | D:4      | Reached skill level 1 in Fire Magic
   565 | D:4      | Reached skill level 1 in Ice Magic
   565 | D:4      | Reached skill level 1 in Air Magic
   565 | D:4      | Reached skill level 1 in Earth Magic
   565 | D:4      | Reached skill level 1 in Poison Magic
   570 | D:4      | Reached XP level 5. HP: 25/40 MP: 6/12
   582 | D:4      | Upgraded the game from 0.22-a0-247-gbddf880 to 0.22-a0-259-gdd11e71
   595 | D:4      | Slain by a gnoll

Vault maps used:
D:1:      kennysheep_arrival_seaside, minmay_fountain_box, minmay_domino_2
D:2:      first_ration
D:3:      grunt_ministairs_2, minmay_cut_off, uniq_robin, uniq_terence,
          uniq_jessica
D:4:      grunt_decor_arrowhead

Skill      XL: |  1  2  3  4 |
---------------+-------------+-----
Spellcasting   | 5 |  5.1
Short Blades   | 1 |  1.4
Long Blades    | 1 |  1.4
Axes           | 1 |  1.4
Maces & Flails | 1 |  1.4
Polearms       | 1 |  1.4
Staves         | 1 |  1.4
Slings         | 1 |  1.4
Bows           | 1 |  1.4
Crossbows      | 1 |  1.4
Throwing       | 1 |  1.4
Armour         | 1 |  1.4
Stealth        | 1 |  1.4
Shields        | 1 |  1.4
Invocations    | 1 |  1.5
Evocations     | 1 |  1.4
Conjurations   | 1 |  1.1
Hexes          | 1 |  1.1
Charms         | 1 |  1.1
Summonings     | 1 |  1.1
Necromancy     | 1 |  1.1
Translocations | 1 |  1.1
Fire Magic     | 1 |  1.1
Ice Magic      | 1 |  1.1
Air Magic      | 1 |  1.1
Earth Magic    | 1 |  1.1
Poison Magic   | 1 |  1.1
Fighting       | |  2.9
Dodging        | |  4.7
Unarmed Combat | |  6.6
Transmutations | |  3.9

Action                   |  1- 3 |  4- 6 || total
-------------------------+-------+-------++-------
Melee: Unarmed           |    47 |    11 ||    58
       Punch             |     2 |       ||     2
       Headbutt          |     3 |       ||     3
       Bite              |     2 |       ||     2
       Kick              |     1 |       ||     1
 Cast: Beastly Appendage |    10 |       ||    10
       Sticks to Snakes  |     3 |     2 ||     5
       Spider Form       |     4 |     3 ||     7
 Stab: Sleeping          |     1 |       ||     1
Armor: Robe              |     2 |       ||     2
Dodge: Dodged            |    21 |     5 ||    26

Table legend:
 A = Spawn XP
 B = Non-spawn XP
 C = Spawn XP percentage of total XP
 D = Spawn monster count
 E = Non-spawn monster count
 F = Spawn count percentage of total count
 G = Total turns spent on level
                    A         B        C        D         E        F      G
               +---------+---------+-------+---------+---------+-------+---------
         Total |       0 |     199 |   0.0 |       0 |      29 |   0.0 |   595
               +---------+---------+-------+---------+---------+-------+---------
           D:1 |       0 |      23 |   0.0 |       0 |       8 |   0.0 |   255
           D:2 |       0 |      24 |   0.0 |       0 |      11 |   0.0 |   173
           D:3 |       0 |       6 |   0.0 |       0 |       2 |   0.0 |    51
           D:4 |       0 |     146 |   0.0 |       0 |       8 |   0.0 |   116
               +---------+---------+-------+---------+---------+-------+---------

Table legend:
 A = Turns spent in this place as a percentage of turns spent in the entire game.
 B = Non-inter-level travel turns spent in this place as a percentage of non-inter-level travel turns spent in the entire game.
 C = Inter-level travel turns spent in this place as a percentage of turns spent in this place.
 D = Turns resting spent in this place as a percentage of non-inter-level travel turns spent in this place.
 E = Turns spent auto-exploring this place as a percentage of non-inter-level travel turns spent in this place.
 F = Non-inter-level travel turns spent in this place divided by the number of levels of this place that you've seen.
                   A       B       C       D       E      F
               +-------+-------+-------+-------+-------+----------------------
         Total | 100.0 | 100.0 |   0.0 |   0.0 |   0.0 | 148.8
       Dungeon | 100.0 | 100.0 |   0.0 |   0.0 |   0.0 | 148.8
               +-------+-------+-------+-------+-------+----------------------

Table legend:
 A = Kills in this place as a percentage of kills in entire the game.
 B = Kills by you in this place as a percentage of kills by you in the entire game.
 C = Kills by friends in this place as a percentage of kills by friends in the entire game.
 D = Other kills in this place as a percentage of other kills in the entire game.
 E = Experience gained in this place as a percentage of experience gained in the entire game.
 F = Experience gained in this place divided by the number of levels of this place that you have seen.
                   A       B       C       D       E      F
               +-------+-------+-------+-------+-------+----------------------
         Total | 100.0 | 100.0 | 100.0 |   N/A | 100.0 |  49.8
       Dungeon | 100.0 | 100.0 | 100.0 |   N/A | 100.0 |  49.8
               +-------+-------+-------+-------+-------+----------------------

Vault maps used:
D:1:      kennysheep_arrival_seaside, minmay_fountain_box, minmay_domino_2
D:2:      first_ration
D:3:      grunt_ministairs_2, minmay_cut_off, uniq_robin, uniq_terence,
          uniq_jessica
D:4:      grunt_decor_arrowhead
